 Dungeon Crawl Stone Soup version 0.25.1-2-g60ff931df9 (webtiles) character file.

Game seed: 3703763236195659775

130 Acheron the Chucker (level 4, -2/33 HPs)
             Began as a Demonspawn Hunter on Oct 1, 2020.
             Slain by an orc priest (4 damage)
             ... on level 5 of the Dungeon.
             The game lasted 00:10:46 (2215 turns).

Acheron the Chucker (Demonspawn Hunter)             Turns: 2215, Time: 00:10:49

Health: -2/33      AC:  7    Str: 13    XL:     4   Next: 90%
Magic:  4/5        EV: 14    Int: 12    God:
Gold:   52         SH:  0    Dex: 14    Spells: 4/4 levels left

rFire    . . .     SeeInvis .   h - +0 rapier
rCold    . . .     Gourm    .   (no shield)
rNeg     . . .     Faith    .   b - +0 leather armour
rPois    .         Spirit   .   o - +0 helmet
rElec    .         Reflect  .   j - +0 cloak
rCorr    .         Harm     .   k - +0 pair of gloves
MR       .....                  l - +0 pair of boots
Stlth    ++........             (no amulet)
HPRegen  0.11/turn              (no ring)
MPRegen  0.09/turn              (no ring)

@: no status effects
A: repulsion field 1
a: no special abilities


You were on level 5 of the Dungeon.
You were not hungry.

You visited 1 branch of the dungeon, and saw 5 of its levels.

You collected 52 gold pieces.

Inventory:

Hand Weapons
 a - a +1 short sword
 h - a +0 rapier (weapon)
Missiles
 i - 38 stones (quivered)
 p - 13 sling bullets
Armour
 b - a +0 leather armour (worn)
 j - a +0 cloak (worn)
 k - a +0 pair of gloves (worn)
 l - a +0 pair of boots (worn)
 o - a +0 helmet (worn)
Wands
 e - a wand of iceblast (4)
Scrolls
 n - a scroll of remove curse
 q - a scroll of identify
Potions
 m - a potion of curing
Comestibles
 f - 3 rations


   Skills:
 * Level 2.3 Fighting
 * Level 1.8 Short Blades
 * Level 4.1 Throwing
 * Level 1.5 Armour
 * Level 2.3 Dodging
 * Level 1.3 Stealth
 * Level 0.7 Spellcasting


You had 4 spell levels left.
You didn't know any spells.
Your spell library was empty.

Dungeon Overview and Level Annotations

Branches:
Dungeon (5/15)             Temple (0/1) D:4

Altars:
Nemelex Xobeh

Annotations:
D:3 exclusion: downstairs
D:4 exclusion: downstairs


Innate Abilities, Weirdness & Mutations

You are surrounded by a mild repulsion field. (EV +2)


Message History

Things that are here:
a +0 dagger; a +0 robe; an orc corpse The orc priest hits you but does no damage.
Things that are here:
3 poisoned darts; a javelin You hit the orc priest but do no damage.
The orc priest hits you.
You hit the orc priest.
The orc priest is lightly wounded.
The orc priest hits you but does no damage.
You hit the orc priest.
The orc priest is moderately wounded.
The orc priest misses you.
You hit the orc priest.
The orc priest is severely wounded.
The orc priest mumbles some strange prayers to Beogh against you.
Beogh smites you!
* * * LOW HITPOINT WARNING * * *
The orc priest hits you.
You die...

....########## .#### #. ...#
o. # ##.# ##.# . ##.# ###..#
.#.#######...#
.............#
##...........###############
###..........oo@).)........
#.........###############
#.........# #.........#
#.........# #.........#
###########


You could see 2 orc priests.

Vanquished Creatures
  2 orc wizards (D:5)
  3 adders
  A dart slug (D:1)
  2 leopard geckos
  An orc (D:3)
  3 bats
  A giant cockroach (D:2)
  4 goblins
  5 hobgoblins
  9 jackals
  7 kobolds
  A frilled lizard (D:5)
  5 rats
44 creatures vanquished.

Notes
Turn   | Place    | Note
-------+----------+-------------------------------------------
     0 | D:1      | Acheron the Demonspawn Hunter began the quest for the Orb.
     0 | D:1      | Reached XP level 1. HP: 16/16 MP: 1/1
   299 | D:1      | Gained mutation: You are surrounded by a mild repulsion
                  | field. (EV +2) [demonic ancestry]
   299 | D:1      | Reached XP level 2. HP: 18/22 MP: 2/2
   617 | D:1      | Reached skill level 4 in Throwing
  1120 | D:2      | Reached skill level 1 in Armour
  1131 | D:2      | Reached XP level 3. HP: 24/27 MP: 3/3
  1144 | D:2      | Reached skill level 1 in Stealth
  1330 | D:2      | Reached skill level 1 in Short Blades
  1538 | D:2      | Found a sparkling altar of Nemelex Xobeh.
  1696 | D:3      | Reached XP level 4. HP: 13/33 MP: 4/4
  2031 | D:5      | Entered Level 5 of the Dungeon
  2054 | D:4      | Noticed an ogre
  2056 | D:4      | Found a staircase to the Ecumenical Temple.
  2215 | D:5      | Slain by an orc priest

Illustrated notes

Levels and vault maps discovered:
D:1:      saegor_arrival_miasma, layout_loops_ring, wad_floor_pattern_2,
          minmay_pentomino_z4
D:2:      layout_loops_corners, chequers_ecumenical_altar_island,
          grunt_ministairs_1, nemelex_lonely_heart_becter
D:3:      layout_loops_corners, xom_butterflies, grunt_decor_fettered,
          hangedman_feature_mirror, amethyst_killhole
D:4:      layout_cave_pods, minmay_temple_entry_glass, minmay_strange_pillars
D:5:      layout_rooms, first_ration, kennysheep_windowed_goal

Skill      XL: |  1  2  3 |
---------------+----------+-----
Throwing       | 4 |  4.1
Dodging        | 2 |  2.3
Armour         | 1 |  1.5
Stealth        | 1 |  1.3
Short Blades   | 1 |  1.8
Fighting       | |  2.3
Spellcasting   | |  0.7

Action                   |  1- 3 |  4- 6 || total
-------------------------+-------+-------++-------
Melee: Short sword       |   195 |     9 ||   204
       Rapier            |       |    12 ||    12
Throw: Javelin           |    12 |     6 ||    18
       Throwing net      |     3 |       ||     3
       Dart              |       |     3 ||     3
  Use: Scroll            |     5 |     3 ||     8
 Stab: Held in net/web   |     1 |       ||     1
  Eat: Chunk             |     3 |     1 ||     4
Armor: Leather armour    |    51 |     6 ||    57
Dodge: Dodged            |   149 |    11 ||   160
